3755 views
Uploaded 2020-04-08 06:25:33
Game version 1.32.3
28:39 long 2on2 ladder game on (6)GnollWood
Saved by lowlyworm
3755 views
Uploaded 2020-04-08 06:25:33
Game version 1.32.3
28:39 long 2on2 ladder game on (6)GnollWood


72 units @ 11.3k
/ 1.5k
44 buildings @ 5k
/ 2.1k



| Rod of Necromancy | 2 | 300 |
| Orb of Corruption | 1 | 375 |
| Potion of Mana | 2 | 400 |
| Potion of Healing | 2 | 300 |
| Scroll of Town Portal | 4 | 1400 |
| Dust of Appearance | 1 | 75 |
| Scroll of Healing | 4 | 1000 |
| Potion of Lesser Invulnerability | 3 | 450 |
| total: | 19 | 4300g |
| Acolyte | 9 | 675 | / | 0 |
| Ghoul | 3 | 360 | / | 0 |
| Crypt Fiend | 12 | 2580 | / | 480 |
| Obsidian Statue | 8 | 1600 | / | 280 |
| Banshee | 9 | 1395 | / | 270 |
| total: | 41 | 6610g | / | 1030w |
| Altar of Darkness | 1 | 180 | / | 50 |
| Ziggurat | 9 | 1350 | / | 450 |
| Crypt | 1 | 200 | / | 50 |
| Tomb of Relics | 1 | 130 | / | 30 |
| Graveyard | 1 | 215 | / | 0 |
| Necropolis | 1 | 225 | / | 0 |
| Slaughterhouse | 1 | 140 | / | 135 |
| Temple of the Damned | 1 | 155 | / | 140 |
| Sacrificial Pit | 1 | 75 | / | 150 |
| Halls of the Dead | 1 | 320 | / | 210 |
| Black Citadel | 1 | 325 | / | 230 |
| total: | 17 | 2670g | / | 1005w |
| 0:03 | Acolyte |
| 0:03 | Acolyte |
| 0:06 | Altar of Darkness |
| 0:06 | Ziggurat |
| 0:33 | Crypt |
| 0:54 | Tomb of Relics |
| 1:34 | Graveyard |
| 1:35 | Ghoul |
| 1:35 | Ghoul |
| 2:04 | Rod of Necromancy |
| 2:05 | Death Coil |
| 2:12 | Ghoul |
| 2:19 | Ziggurat |
| 2:53 | Halls of the Dead |
| 3:14 | Crypt Fiend |
| 3:29 | Crypt Fiend |
| 3:55 | Ziggurat |
| 3:56 | Unholy Aura |
| 4:05 | Crypt Fiend |
| 4:20 | Rod of Necromancy |
| 4:50 | Crypt Fiend |
| 5:53 | Black Citadel |
| 6:03 | Creature Attack |
| 6:19 | Death Coil |
| 6:23 | Frost Nova |
| 6:25 | Slaughterhouse |
| 6:50 | Ziggurat |
| 6:51 | Web |
| 7:08 | Temple of the Damned |
| 7:57 | Frost Armor |
| 8:00 | Crypt Fiend |
| 8:05 | Scroll of Town Portal |
| 8:16 | Obsidian Statue |
| 8:32 | Orb of Corruption |
| 8:38 | Burrow |
| 8:40 | Acolyte |
| 9:14 | Banshee Adept Training |
| 9:31 | Necropolis |
| 9:51 | Destroyer Form |
| 10:00 | Crypt Fiend |
| 10:21 | Banshee |
| 10:38 | Ziggurat |
| 11:18 | Acolyte |
| 11:18 | Acolyte |
| 11:18 | Acolyte |
| 11:19 | Acolyte |
| 11:39 | Crypt Fiend |
| 11:40 | Obsidian Statue |
| 11:43 | Banshee |
| 11:49 | Crypt Fiend |
| 12:55 | Silence |
| 12:56 | Crypt Fiend |
| 12:59 | Ziggurat |
| 13:17 | Obsidian Statue |
| 13:18 | Improved Creature Attack |
| 14:00 | Crypt Fiend |
| 14:04 | Obsidian Statue |
| 14:30 | Potion of Lesser Invulnerability |
| 14:31 | Dust of Appearance |
| 14:46 | Scroll of Healing |
| 15:04 | Scroll of Healing |
| 15:45 | Frost Nova |
| 15:52 | Black Arrow |
| 15:54 | Potion of Mana |
| 16:27 | Obsidian Statue |
| 16:27 | Obsidian Statue |
| 16:53 | Frost Armor |
| 17:01 | Black Arrow |
| 17:07 | Banshee |
| 17:08 | Banshee |
| 17:32 | Banshee |
| 17:32 | Banshee |
| 17:53 | Scroll of Town Portal |
| 17:53 | Potion of Mana |
| 18:02 | Banshee Master Training |
| 18:24 | Potion of Lesser Invulnerability |
| 18:35 | Advanced Creature Attack |
| 19:15 | Scroll of Town Portal |
| 19:53 | Sacrificial Pit |
| 19:54 | Creature Carapace |
| 19:59 | Banshee |
| 20:01 | Ziggurat |
| 20:38 | Crypt Fiend |
| 20:38 | Crypt Fiend |
| 21:05 | Scroll of Healing |
| 21:05 | Potion of Healing |
| 21:07 | Potion of Healing |
| 21:18 | Acolyte |
| 21:26 | Improved Creature Carapace |
| 21:39 | Acolyte |
| 22:50 | Potion of Lesser Invulnerability |
| 22:51 | Scroll of Healing |
| 23:53 | Unholy Aura |
| 25:08 | Obsidian Statue |
| 25:08 | Obsidian Statue |
| 25:09 | Scroll of Town Portal |
| 25:14 | Ziggurat |
| 25:18 | Banshee |
| 25:18 | Banshee |
| 26:21 | Advanced Creature Carapace |
| 26:55 | Silence |
| 27:21 | Frost Nova |
| 28:01 | Death Coil |
| 28:11 | Ziggurat |
| Select group | 1974 |
| Right click | 1746 |
| Select | 697 |
| Chat | 586 |
| Build/train/purchase | 152 |
| Assign group | 130 |
| Use ability | 130 |
| Misc. action | 56 |
| Resource trade | 24 |
| Minimap ping | 20 |
| Item give/drop | 8 |
| Esc | 8 |


| Lesser Clarity Potion | 9 | 630 |
| Scroll of Regeneration | 2 | 200 |
| Ivory Tower | 1 | 40 |
| Potion of Healing | 5 | 750 |
| Potion of Mana | 1 | 200 |
| Staff of Sanctuary | 2 | 500 |
| Dust of Appearance | 4 | 300 |
| Scroll of Town Portal | 9 | 3150 |
| Scroll of Healing | 2 | 500 |
| Boots of Speed | 1 | 250 |
| Potion of Lesser Invulnerability | 5 | 750 |
| Potion of Invisibility | 1 | 100 |
| total: | 42 | 7370g |
| Peasant | 10 | 750 | / | 0 |
| Footman | 6 | 810 | / | 0 |
| Priest | 2 | 270 | / | 20 |
| Spell Breaker | 12 | 2580 | / | 360 |
| Knight | 1 | 245 | / | 60 |
| total: | 31 | 4655g | / | 440w |
| Scout Tower | 12 | 360 | / | 240 |
| Arcane Tower | 8 | 560 | / | 400 |
| Guard Tower | 7 | 490 | / | 350 |
| Farm | 7 | 560 | / | 140 |
| Altar of Kings | 1 | 180 | / | 50 |
| Barracks | 1 | 160 | / | 60 |
| Arcane Vault | 1 | 130 | / | 30 |
| Blacksmith | 1 | 140 | / | 60 |
| Lumber Mill | 1 | 120 | / | 0 |
| Town Hall | 1 | 385 | / | 205 |
| Arcane Sanctum | 2 | 300 | / | 280 |
| Keep | 2 | 640 | / | 420 |
| Castle | 2 | 720 | / | 420 |
| total: | 27 | 2335g | / | 1065w |
| 0:03 | Peasant |
| 0:03 | Peasant |
| 0:09 | Farm |
| 0:12 | Altar of Kings |
| 0:21 | Farm |
| 0:24 | Barracks |
| 0:33 | Peasant |
| 0:46 | Peasant |
| 1:01 | Peasant |
| 1:20 | Peasant |
| 1:29 | Footman |
| 1:29 | Footman |
| 1:35 | Farm |
| 1:43 | Peasant |
| 1:54 | Footman |
| 1:58 | Peasant |
| 2:06 | Peasant |
| 2:21 | Peasant |
| 2:27 | Storm Bolt |
| 2:33 | Dust of Appearance |
| 2:46 | Keep |
| 3:03 | Footman |
| 3:28 | Footman |
| 3:43 | Boots of Speed |
| 3:47 | Dust of Appearance |
| 4:54 | Footman |
| 5:14 | Arcane Sanctum |
| 5:17 | Arcane Sanctum |
| 5:43 | Bash |
| 5:56 | Farm |
| 6:07 | Arcane Vault |
| 6:28 | Holy Light |
| 6:31 | Priest |
| 6:35 | Scout Tower |
| 8:05 | Spell Breaker |
| 8:05 | Spell Breaker |
| 8:11 | Arcane Tower |
| 8:20 | Potion of Lesser Invulnerability |
| 8:33 | Lesser Clarity Potion |
| 8:36 | Lesser Clarity Potion |
| 8:40 | Scroll of Regeneration |
| 8:42 | Ivory Tower |
| 8:44 | Farm |
| 8:53 | Blacksmith |
| 9:01 | Dust of Appearance |
| 9:18 | Spell Breaker |
| 9:24 | Farm |
| 9:48 | Spell Breaker |
| 10:26 | Storm Bolt |
| 10:28 | Spell Breaker |
| 10:32 | Scout Tower |
| 11:21 | Scout Tower |
| 11:35 | Farm |
| 11:38 | Lumber Mill |
| 11:46 | Potion of Healing |
| 11:49 | Scroll of Town Portal |
| 11:58 | Lesser Clarity Potion |
| 12:17 | Iron Forged Swords |
| 12:39 | Divine Shield |
| 13:11 | Scroll of Town Portal |
| 13:21 | Lesser Clarity Potion |
| 13:26 | Potion of Healing |
| 13:32 | Guard Tower |
| 13:36 | Scout Tower |
| 13:37 | Scout Tower |
| 13:43 | Scroll of Healing |
| 13:47 | Dust of Appearance |
| 13:59 | Potion of Lesser Invulnerability |
| 13:59 | Potion of Lesser Invulnerability |
| 13:59 | Potion of Lesser Invulnerability |
| 14:04 | Scout Tower |
| 14:21 | Improved Masonry |
| 14:24 | Castle |
| 14:29 | Steel Forged Swords |
| 14:29 | Iron Plating |
| 14:36 | Magic Sentry |
| 15:00 | Arcane Tower |
| 15:00 | Arcane Tower |
| 15:04 | Spell Breaker |
| 15:06 | Priest |
| 16:05 | Holy Light |
| 16:28 | Potion of Mana |
| 16:28 | Potion of Healing |
| 16:44 | Scroll of Town Portal |
| 17:19 | Arcane Tower |
| 17:23 | Scout Tower |
| 17:36 | Scout Tower |
| 17:37 | Scout Tower |
| 17:39 | Advanced Masonry |
| 17:43 | Lesser Clarity Potion |
| 17:57 | Scout Tower |
| 18:00 | Scroll of Town Portal |
| 18:11 | Arcane Tower |
| 18:35 | Potion of Invisibility |
| 18:38 | Knight |
| 19:03 | Guard Tower |
| 19:16 | Spell Breaker |
| 19:20 | Animal War Training |
| 19:52 | Lesser Clarity Potion |
| 20:08 | Potion of Healing |
| 20:09 | Staff of Sanctuary |
| 20:59 | Steel Plating |
| 21:04 | Spell Breaker |
| 21:15 | Scroll of Town Portal |
| 21:15 | Scroll of Town Portal |
| 21:15 | Scroll of Town Portal |
| 21:15 | Scroll of Town Portal |
| 21:26 | Lesser Clarity Potion |
| 21:42 | Guard Tower |
| 22:15 | Potion of Lesser Invulnerability |
| 22:33 | Scroll of Healing |
| 22:51 | Spell Breaker |
| 23:04 | Spell Breaker |
| 24:24 | Town Hall |
| 25:03 | Scroll of Regeneration |
| 25:06 | Scroll of Town Portal |
| 25:07 | Potion of Healing |
| 25:16 | Spell Breaker |
| 25:39 | Lesser Clarity Potion |
| 25:41 | Staff of Sanctuary |
| 26:35 | Thunder Clap |
| 26:51 | Lesser Clarity Potion |
| 27:06 | Scout Tower |
| 27:07 | Scout Tower |
| 27:27 | Divine Shield |
| 28:18 | Spell Breaker |
| Right click | 1721 |
| Select group | 1059 |
| Chat | 505 |
| Select | 383 |
| Build/train/purchase | 204 |
| Use ability | 76 |
| Assign group | 57 |
| Resource trade | 16 |
| Misc. action | 9 |
| Minimap ping | 9 |
| Item give/drop | 5 |
| Esc | 4 |
84 units @ 14.6k
/ 2.4k
38 buildings @ 6k
/ 2.9k


| Lesser Clarity Potion | 5 | 350 |
| Healing Salve | 4 | 400 |
| Scroll of Speed | 3 | 150 |
| Orb of Lightning | 1 | 375 |
| Tiny Great Hall | 1 | 600 |
| Scroll of Town Portal | 1 | 350 |
| Scroll of Healing | 1 | 250 |
| Circlet of Nobility | 1 | 175 |
| Boots of Speed | 1 | 250 |
| Potion of Lesser Invulnerability | 2 | 300 |
| total: | 20 | 3200g |
| Peon | 14 | 1050 | / | 0 |
| Grunt | 5 | 1000 | / | 0 |
| Raider | 5 | 900 | / | 200 |
| Spirit Walker | 3 | 585 | / | 105 |
| Kodo Beast | 4 | 1020 | / | 240 |
| Troll Headhunter | 6 | 840 | / | 120 |
| Troll Berserker | 9 | 1260 | / | 180 |
| Wind Rider | 6 | 1590 | / | 240 |
| total: | 52 | 8245g | / | 1085w |
| Altar of Storms | 2 | 360 | / | 100 |
| Orc Burrow | 6 | 960 | / | 240 |
| Barracks | 2 | 360 | / | 100 |
| Voodoo Lounge | 2 | 260 | / | 60 |
| War Mill | 1 | 205 | / | 0 |
| Beastiary | 2 | 290 | / | 280 |
| Spirit Lodge | 1 | 150 | / | 150 |
| Tauren Totem | 1 | 135 | / | 155 |
| Stronghold | 2 | 630 | / | 380 |
| Fortress | 2 | 650 | / | 380 |
| total: | 17 | 2720g | / | 1085w |
| 0:01 | Altar of Storms |
| 0:02 | Peon |
| 0:02 | Peon |
| 0:06 | Altar of Storms |
| 0:18 | Orc Burrow |
| 0:21 | Peon |
| 0:35 | Barracks |
| 0:43 | Peon |
| 0:43 | Peon |
| 0:53 | Peon |
| 1:02 | Peon |
| 1:02 | Peon |
| 1:12 | Peon |
| 1:32 | Orc Burrow |
| 1:36 | Grunt |
| 1:36 | Grunt |
| 1:53 | Voodoo Lounge |
| 1:58 | Peon |
| 1:58 | Peon |
| 2:05 | Wind Walk |
| 2:24 | Grunt |
| 2:24 | Grunt |
| 2:41 | Circlet of Nobility |
| 2:57 | Stronghold |
| 3:23 | Grunt |
| 3:43 | Boots of Speed |
| 4:00 | Orc Burrow |
| 5:23 | Beastiary |
| 5:25 | Lesser Clarity Potion |
| 5:25 | Healing Salve |
| 5:26 | Healing Salve |
| 5:34 | Spirit Lodge |
| 5:36 | Tauren Totem |
| 5:41 | Berserker Strength |
| 6:03 | War Mill |
| 6:07 | Critical Strike |
| 6:17 | Hex |
| 6:18 | Scroll of Speed |
| 6:27 | Raider |
| 6:44 | Orc Burrow |
| 6:52 | Spirit Walker |
| 7:00 | Ensnare |
| 7:47 | Raider |
| 8:14 | Spirit Walker Adept Training |
| 8:15 | Spirit Walker |
| 8:21 | Raider |
| 8:37 | Lesser Clarity Potion |
| 8:51 | Kodo Beast |
| 8:51 | Kodo Beast |
| 9:20 | Kodo Beast |
| 9:24 | Troll Headhunter |
| 9:41 | Troll Headhunter |
| 9:48 | Healing Salve |
| 9:48 | Scroll of Speed |
| 9:58 | Troll Headhunter |
| 10:05 | Troll Regeneration |
| 10:16 | Steel Ranged Weapons |
| 10:58 | Scroll of Town Portal |
| 10:58 | Potion of Lesser Invulnerability |
| 11:07 | Barracks |
| 11:09 | Orc Burrow |
| 11:33 | Fortress |
| 11:55 | Steel Armor |
| 11:58 | Healing Wave |
| 12:01 | Critical Strike |
| 12:19 | Thorium Ranged Weapons |
| 13:20 | Troll Headhunter |
| 13:20 | Kodo Beast |
| 13:23 | Thorium Armor |
| 13:42 | Troll Headhunter |
| 13:42 | Troll Headhunter |
| 14:20 | Orb of Lightning |
| 14:33 | Berserker Upgrade |
| 14:57 | Orc Burrow |
| 15:07 | Voodoo Lounge |
| 15:59 | Healing Wave |
| 16:04 | Troll Berserker |
| 16:05 | Raider |
| 16:28 | Troll Berserker |
| 16:28 | Raider |
| 17:34 | Lesser Clarity Potion |
| 17:59 | Troll Berserker |
| 18:00 | Wind Rider |
| 18:04 | Lesser Clarity Potion |
| 18:16 | Potion of Lesser Invulnerability |
| 18:28 | Wind Rider |
| 18:47 | Troll Berserker |
| 19:05 | Wind Walk |
| 19:11 | Wind Rider |
| 19:36 | Envenomed Spears |
| 19:37 | Troll Berserker |
| 19:49 | Troll Berserker |
| 20:32 | Backpack |
| 22:09 | Healing Salve |
| 22:11 | Scroll of Speed |
| 22:30 | Tiny Great Hall |
| 22:39 | Lesser Clarity Potion |
| 22:59 | Scroll of Healing |
| 23:07 | Peon |
| 23:07 | Peon |
| 23:09 | Wind Rider |
| 23:09 | Troll Berserker |
| 23:17 | Peon |
| 23:34 | Troll Berserker |
| 25:10 | Wind Rider |
| 25:12 | Beastiary |
| 25:14 | Arcanite Ranged Weapons |
| 25:19 | Hex |
| 25:39 | Troll Berserker |
| 25:43 | Spirit Walker |
| 26:15 | Wind Rider |
| Select group | 3758 |
| Right click | 3016 |
| Select | 705 |
| Build/train/purchase | 186 |
| Use ability | 78 |
| Assign group | 76 |
| Misc. action | 52 |
| Minimap ping | 10 |
| Item give/drop | 6 |
| Esc | 5 |
| Resource trade | 5 |



| Rod of Necromancy | 3 | 450 |
| Ritual Dagger | 1 | 125 |
| Potion of Mana | 1 | 200 |
| Orb of Corruption | 1 | 375 |
| Lesser Clarity Potion | 1 | 70 |
| Scroll of Town Portal | 1 | 350 |
| Scroll of Healing | 3 | 750 |
| Potion of Lesser Invulnerability | 1 | 150 |
| Scroll of Protection | 1 | 150 |
| Healing Salve | 1 | 100 |
| total: | 14 | 2720g |
| Acolyte | 6 | 450 | / | 0 |
| Ghoul | 4 | 480 | / | 0 |
| Crypt Fiend | 7 | 1505 | / | 280 |
| Obsidian Statue | 6 | 1200 | / | 210 |
| Abomination | 5 | 1200 | / | 350 |
| Frost Wyrm | 4 | 1540 | / | 480 |
| total: | 32 | 6375g | / | 1320w |
| Graveyard | 1 | 215 | / | 0 |
| Crypt | 3 | 600 | / | 150 |
| Altar of Darkness | 2 | 360 | / | 100 |
| Ziggurat | 7 | 1050 | / | 350 |
| Tomb of Relics | 1 | 130 | / | 30 |
| Slaughterhouse | 1 | 140 | / | 135 |
| Sacrificial Pit | 3 | 225 | / | 450 |
| Boneyard | 3 | 525 | / | 600 |
| Halls of the Dead | 2 | 640 | / | 420 |
| Black Citadel | 2 | 650 | / | 460 |
| total: | 21 | 3245g | / | 1815w |
| 0:03 | Acolyte |
| 0:04 | Graveyard |
| 0:06 | Crypt |
| 0:07 | Crypt |
| 0:10 | Crypt |
| 0:20 | Acolyte |
| 0:40 | Altar of Darkness |
| 0:42 | Altar of Darkness |
| 0:57 | Ziggurat |
| 1:11 | Ghoul |
| 1:22 | Tomb of Relics |
| 1:49 | Crypt Fiend |
| 1:59 | Ziggurat |
| 2:20 | Crypt Fiend |
| 2:46 | Rod of Necromancy |
| 2:51 | Death Coil |
| 3:04 | Crypt Fiend |
| 3:30 | Halls of the Dead |
| 3:52 | Crypt Fiend |
| 3:59 | Unholy Aura |
| 4:07 | Ziggurat |
| 4:55 | Ghoul |
| 5:25 | Death Coil |
| 5:52 | Burrow |
| 5:53 | Slaughterhouse |
| 6:02 | Rod of Necromancy |
| 6:04 | Ritual Dagger |
| 6:46 | Black Citadel |
| 6:49 | Potion of Mana |
| 6:59 | Obsidian Statue |
| 7:00 | Frost Nova |
| 7:48 | Crypt Fiend |
| 8:16 | Sacrificial Pit |
| 8:21 | Ziggurat |
| 8:59 | Obsidian Statue |
| 9:13 | Destroyer Form |
| 9:16 | Ghoul |
| 9:39 | Boneyard |
| 9:46 | Acolyte |
| 9:50 | Orb of Corruption |
| 9:50 | Rod of Necromancy |
| 10:16 | Obsidian Statue |
| 10:20 | Ziggurat |
| 10:42 | Frost Armor |
| 10:50 | Abomination |
| 11:24 | Obsidian Statue |
| 11:56 | Crypt Fiend |
| 12:07 | Silence |
| 12:43 | Scroll of Town Portal |
| 12:54 | Abomination |
| 13:08 | Sacrificial Pit |
| 13:21 | Potion of Lesser Invulnerability |
| 13:25 | Disease Cloud |
| 13:51 | Sacrificial Pit |
| 13:52 | Ghoul |
| 14:30 | Abomination |
| 14:50 | Scroll of Healing |
| 15:49 | Unholy Aura |
| 16:27 | Abomination |
| 17:09 | Boneyard |
| 17:11 | Creature Attack |
| 17:13 | Crypt Fiend |
| 17:13 | Abomination |
| 17:23 | Lesser Clarity Potion |
| 17:27 | Healing Salve |
| 18:00 | Boneyard |
| 18:02 | Obsidian Statue |
| 18:08 | Black Arrow |
| 18:32 | Frost Nova |
| 18:34 | Frost Wyrm |
| 18:34 | Frost Wyrm |
| 19:20 | Frost Wyrm |
| 19:36 | Ziggurat |
| 20:55 | Frost Wyrm |
| 21:07 | Obsidian Statue |
| 21:32 | Scroll of Healing |
| 22:06 | Ziggurat |
| 22:53 | Scroll of Protection |
| 22:54 | Scroll of Healing |
| 27:25 | Silence |
| 27:30 | Acolyte |
| 27:31 | Acolyte |
| 27:31 | Acolyte |
| Select group | 4619 |
| Right click | 2734 |
| Select | 974 |
| Build/train/purchase | 180 |
| Assign group | 159 |
| Use ability | 116 |
| Item give/drop | 7 |
| Minimap ping | 6 |
| Resource trade | 5 |
| Misc. action | 4 |
| Esc | 4 |
⇛